 Dungeon Crawl Stone Soup version 0.29.1-15-g9cfb28693d (webtiles) character file.

Game seed: 6524915974930164905

2 leafyfresh the Sneak (level 1, -1/16 HPs)
             Began as an Octopode Delver on Mar 5, 2023.
             Succumbed to a scorpion's poison
             ... on level 4 of the Dungeon.
             The game lasted 00:00:38 (811 turns).

leafyfresh the Sneak (Octopode Delver)               Turns: 811, Time: 00:00:38

Health: -1/16      AC:  1    Str: 11    XL:     1   Next: 30%
Magic:  1/1        EV: 13    Int: 12    God:
Gold:   0          SH:  0    Dex: 13    Spells: 0/0 levels left

rFire   . . .      SeeInvis .   h - +3 dagger
rCold   . . .      Faith    .   (no shield)
rNeg    . . .      Spirit   .   (helmet restricted)
rPois   .          Reflect  .   (no amulet)
rElec   .          Harm     .   (no ring)
rCorr   .          Rampage  .   (no ring)
Will    .....                   (no ring)
Stlth   ++++......              (no ring)
HPRegen 0.05/turn               (no ring)
MPRegen 0.07/turn               (no ring)
                                (no ring)
                                (no ring)

@: lethally poisoned (-1 -> -18)
A: almost no armour, amphibious, 8 rings, camouflage 1, gelatinous body 1,
(nimble swimmer 1), tentacles
a: no special abilities


You were on level 4 of the Dungeon.
You visited 2 branches of the dungeon, and saw 3 of its levels.

Inventory:

Hand Weapons
 a - a +0 short sword
 h - a +3 dagger (weapon)
Wands
 f - a wand of digging (3)
Scrolls
 b - a scroll of fog
 c - a scroll of magic mapping
 d - a scroll of fear
 g - a scroll of identify {unknown}
Potions
 e - a potion of haste


   Skills:
 + Level 3.0 Fighting
 - Level 2.0 Short Blades
 + Level 2.0 Dodging
 + Level 6.6 Stealth


You couldn't memorise any spells.
You didn't know any spells.
Your spell library was empty.

Dungeon Overview and Level Annotations

Branches:
Dungeon (5/15)             Temple (1/1) D:4

Altars:
Dithmenos
Fedhas
Gozag
Hepliaklqana
Kikubaaqudgha
Nemelex Xobeh
Qazlal
Sif Muna
Uskayaw
Xom
Yredelemnul


Innate Abilities, Weirdness & Mutations

You cannot wear most types of armour.
You are amphibious.
You can wear up to eight rings at the same time.
Your skin changes colour to match your surroundings (Stealth+).
Your rubbery body absorbs attacks. (AC +1, EV +1)
((You are camouflaged when in or above water. (Stealth+)))
You have tentacles for arms and can constrict up to eight enemies at once.


Message History

There is a large open door here.
Done exploring.
No target in view!
Done exploring.
No target in view!
Done exploring.
No target in view!
Done exploring.
No target in view!
You open the large door.
There is a large open door here.
There is a large open door here.
There is a large open door here.
There is an open gate here.
There is an open gate here.
You open the door.
There is an open door here.
You open the door.
There is an open door here.
There is an open gate here.
There is a large open door here.
There is a large open door here.
There is a large open door here.
There is a staircase back to the Dungeon here.
h - a +3 dagger (weapon)
You climb upwards.
The scorpion stings you.
You are lethally poisoned!
The scorpion poisons you! The scorpion misses you.
There is a staircase to the Ecumenical Temple here.
Unknown command.
The adder hisses angrily.
You hit the scorpion but do no damage. Your grab misses the scorpion.
You feel very sick. The scorpion stings you.
* * * LOW HITPOINT WARNING * * *
You are more poisoned.
The scorpion poisons you!
You hit the scorpion. Your grab misses the scorpion.
The scorpion is lightly wounded.
You die...

## .## ## #. S[. .#
##.##.##.##
.##.........###
#.............##
#..⌠...⌠..#...
.##.....s...#...
.......@..?...#
..#.........#.##
..#..⌠...⌠..#...
...............# ....
###.(.......##.# ....
##.##.##.## # .....
#.#..# .#
.......#####.#.###...
......................


You could see a scorpion and an adder.

Vanquished Creatures
  An orc (D:4)
1 creature vanquished.

Notes
Turn   | Place    | Note
-------+----------+-------------------------------------------
     0 | D:5      | leafyfresh the Octopode Delver began the quest for the Orb.
     0 | D:5      | Reached XP level 1. HP: 16/16 MP: 1/1
    24 | D:5      | Found a shimmering blue altar of Sif Muna.
    24 | D:5      | Found a sparkling altar of Nemelex Xobeh.
   114 | D:5      | Noticed an ogre
   139 | D:4      | Found a staircase to the Ecumenical Temple.
   146 | D:4      | Noticed a scorpion
   154 | Temple   | Entered the Ecumenical Temple
   811 | D:4      | Succumbed to a scorpion's poison

Illustrated notes

Levels and vault maps discovered:
D:4:      layout_rooms, grunt_temple_overflow_lords_of_destruction,
          mainiacjoe_overflow_cross_hatched, minmay_temple_entry_large_hall,
          uniq_duvessa, uniq_pikel
D:5:      layout_loops_ring, gammafunk_temple_overflow_elements,
          gammafunk_ghost_split, saegor_snake_ambush
Temple:   grunt_temple_mini_profane

Action                   || total
-------------------------++-------
Melee: Dagger            ||     2
       Short sword       ||     2
Dodge: Dodged            ||     1
